 Dungeon Crawl Stone Soup version 0.17.1-3-g152610e (webtiles) character file.

130 tognito the Skirmisher (level 4, -11/42 HPs)
             Began as a Minotaur Berserker on Nov 21, 2015.
             Was a Priest of Trog.
             Mangled by Sigmund
             ... wielding a +1 scythe of distortion
              (23 damage)
             ... on level 3 of the Dungeon on Mar 27, 2016.
             The game lasted 00:10:16 (2381 turns).

tognito the Skirmisher (Minotaur Berserker)         Turns: 2381, Time: 00:10:16

Health: -11/42     AC: 10    Str: 23    XL:     4   Next: 90%
Magic:  3/3        EV:  8    Int:  4    God:    Trog [***...]
Gold:   90         SH:  0    Dex:  9    Spells: 0 memorised, 3 levels left

rFire  . . .     SeeInvis .     a - +0 hand axe
rCold  . . .     Clarity  .     l - +0 chain mail
rNeg   . . .     SustAt   .     (no shield)
rPois  .         Gourm    .     (helmet restricted)
rElec  .         Spirit   .     (no cloak)
rCorr  .         Warding  .     d - +0 pair of gloves
rMut   .         Stasis   .     (no boots)
MR     ++...                    r - amulet of regeneration
Stlth  ..........               (no ring)
                                (no ring)

@: regenerating, very resistant to hostile enchantments, extremely unstealthy
A: retaliatory headbutt, horns 2
a: Berserk, Trog's Hand, Burn Spellbooks, Renounce Religion


You were on level 3 of the Dungeon.
You worshipped Trog.
Trog was most pleased with you.
You were not hungry.

You visited 1 branch of the dungeon, and saw 3 of its levels.

You collected 90 gold pieces.

Inventory:

Hand Weapons
 a - a +0 hand axe (weapon)
 b - a +0 hunting sling
Missiles
 j - 30 arrows
Armour
 d - a +0 pair of gloves (worn)
 l - a +0 chain mail (worn)
Jewellery
 r - an amulet of regeneration (around neck)
Wands
 o - a wand of slowing (19)
Scrolls
 e - 2 scrolls of teleportation
 f - a scroll of fog {unknown}
 g - a scroll of random uselessness {unknown}
 h - a scroll of enchant weapon {unknown}
 i - a scroll of noise {unknown}
 k - a scroll of recharging {unknown}
 q - a scroll of identify {unknown}
Potions
 n - a potion of haste
 p - a potion of heal wounds
Comestibles
 c - 3 bread rations
 m - 4 fruits


   Skills:
 * Level 5.2 Fighting
 * Level 4.9 Axes
 + Level 2.8 Armour
 + Level 2.9 Dodging


You had 3 spell levels left.
You didn't know any spells.

Dungeon Overview and Level Annotations

Branches:
Dungeon (3/15)

Altars:

Annotations:
D:3 Ijyb, Sigmund, Terence


Innate Abilities, Weirdness & Mutations

You reflexively headbutt those who attack you in melee.
You have a pair of horns on your head.


Message History

You hit Terence but do no damage.
Sigmund casts a spell.
Sigmund flickers and vanishes!
Deactivating autopickup; reactivate with Ctrl-A.
Ijyb hits you but does no damage.
Your skin crawls.
You feel resistant to hostile enchantments.
You feel slightly more hungry.
You feel the effects of Trog's Hand fading.
Terence hits you but does no damage. Something hits you.
Space warps horribly around you! Ijyb hits you.
You hit Ijyb but do no damage.
Ijyb is lightly wounded.
You hit Terence.
Terence is lightly wounded.
Terence hits you but does no damage. Something hits you!
* * * LOW HITPOINT WARNING * * *
Space warps horribly around you!
Ouch! That really hurt!
You die...

#....#.# #
#....#. #
####....#.
......... ####
#......o. #...
#.##...{#######
##... #.#
#.@g†..|...
..... #.#
#.#@## .#
####### #.#
#.#..## ..
#....... #.#
#.....#
.##.######
#.###..##...#
..#.# #
#.##..## #.##
...# # #....##
+# #..# #
####.##
##..######
#....##
##...#<....
#.#...##
##..#.######


You could see Ijyb, Terence and an orc.

Vanquished Creatures
  Natasha (thrice) (D:2)
  3 adders (D:2)
  2 oozes (D:1)
  A worm (D:2)
  An orc (D:3)
  3 ball pythons
  4 giant cockroaches
  7 goblins
  3 hobgoblins
  8 jackals (D:1)
  10 bats
  5 giant newts
  8 kobolds
  7 rats
65 creatures vanquished.

Notes
Turn   | Place    | Note
--------------------------------------------------------------
     0 | D:1      | tognito the Minotaur Berserker began the quest for the Orb.
     0 | D:1      | Reached XP level 1. HP: 19/19 MP: 0/0
     0 | D:1      | Upgraded the game from 0.17.0-27-g4a3f43e to 0.17.1-3-g152610e
   105 | D:1      | Reached skill level 4 in Axes
   160 | D:1      | Reached XP level 2. HP: 12/27 MP: 1/1
   560 | D:1      | Reached ** piety under Trog
   560 | D:1      | Reached XP level 3. HP: 26/33 MP: 2/2
  1290 | D:2      | Reached XP level 4. HP: 36/41 MP: 3/3
  1473 | D:2      | Noticed Natasha
  1479 | D:2      | Killed Natasha
  1479 | D:2      | Reached skill level 5 in Fighting
  1526 | D:2      | Noticed Natasha
  1532 | D:2      | Killed Natasha
  1904 | D:2      | Noticed Natasha
  1908 | D:2      | Killed Natasha
  2110 | D:2      | Reached *** piety under Trog
  2372 | D:3      | Noticed Ijyb
  2374 | D:3      | Noticed Terence
  2377 | D:3      | Noticed Sigmund
  2381 | D:3      | Mangled by Sigmund

Action                   |  1- 3 |  4- 6 || total
-------------------------+-------+-------++-------
Melee: Hand axe          |    92 |    54 ||   146
Invok: Burn Spellbooks   |       |     1 ||     1
       Trog's Hand       |       |     1 ||     1
  Use: Potion            |     1 |     2 ||     3
       Scroll            |       |     1 ||     1
  Eat: Chunk             |     2 |     3 ||     5
